[Event "Early Titled Tuesday Blitz | February 8 2022"]
[White "Hoffmann, Asa"]
[Black "Rozhkov, Viacheslav"]
[WhiteFideId "2001470"]
[BlackFideId "4181484"]
[WhiteElo "2117"]
[BlackElo "2324"]
[Result "1/2-1/2"]
[Round "06"]
[TimeControl "180+1"]
[Date "2022.02.08"]
[WhiteClock "0:00:08"]
[BlackClock "0:00:09"]

1. d4 d5 2. Bg5 c6 3. e3 Qb6 4. b3 h6 5. Bh4 e5 6. Nf3 e4 7. Nfd2 Be6 8. c4 Nd7 9. Nc3 Bb4 10. Qc2 Qa5 11. Rc1 Ngf6 12. Be2 O-O 13. O-O Rac8 14. c5 b6 15. a3 Bxc3 16. Qxc3 Qxc3 17. Rxc3 bxc5 18. dxc5 a5 19. b4 axb4 20. axb4 Rb8 21. Rb1 Rfc8 22. Ba6 Re8 23. Bg3 d4 24. exd4 Nd5 25. Rcb3 Ra8 26. Bb7 Ra2 27. Nxe4 Bf5 28. f3 Bxe4 29. fxe4 Rxe4 30. Bxc6 N7f6 31. Re1 Rxd4 32. Bf2 Rdd2 33. Rf3 Nxb4 34. Bb7 Nd3 35. Rf1 Nxc5 36. Rxf6 Nxb7 37. Rc6 Nd8 38. Rc8 Kh7 39. h4 Ne6 40. g3 h5 41. Rb8 f6 42. Rb5 Nd4 43. Rxh5+ Kg6 44. Rc5 Nf3+ 45. Kg2 Ne5 46. Rb5 Nd3 47. h5+ Kh6 48. g4 Nxf2 49. Kf3 Nd3 50. Ke3 Ne5 51. g5+ Kxh5 52. gxf6 gxf6 53. Rxf6 Re2+ 54. Kd4 Kg5 55. Rf8 Rad2+ 56. Kc3 Rd3+ 57. Kb4 Rb2+ 58. Ka5 Ra3+ 59. Kb6 Rxb5+ 60. Kxb5 Ng6 61. Rc8 Rb3+ 62. Kc4 Re3 63. Rc5+ Re5 64. Rxe5+ Nxe5+ 1/2-1/2


[Site "https://www.chess.com"]

[Event "Early Titled Tuesday Blitz | February 8 2022"]
[White "Hua, Lefong"]
[Black "Mohammad Fahad, Rahman"]
[WhiteFideId "2602253"]
[BlackFideId "10207791"]
[WhiteElo "2547"]
[BlackElo "2323"]
[Result "1-0"]
[Round "06"]
[TimeControl "180+1"]
[Date "2022.02.08"]
[WhiteClock "0:00:13"]
[BlackClock "0:00:10"]

1. d4 d5 2. c4 c6 3. Nf3 Nf6 4. Nc3 e6 5. e3 Nbd7 6. Qc2 Bd6 7. b3 O-O 8. Be2 b6 9. O-O Bb7 10. Bb2 Rc8 11. Rad1 Qe7 12. Rfe1 Rfe8 13. h3 c5 14. cxd5 exd5 15. Qb1 c4 16. bxc4 dxc4 17. d5 a6 18. a4 Bb4 19. Nd4 Ne4 20. Nf5 Qe5 21. Nxe4 Qxe4 22. Qxe4 Rxe4 23. Bf3 Ree8 24. Re2 c3 25. Bc1 Ne5 26. e4 g6 27. Nd4 Nxf3+ 28. gxf3 Rc4 29. Rd3 Bc5 30. Nb3 b5 31. axb5 axb5 32. Nxc5 Rxc5 33. Ba3 Rc4 34. Rc2 b4 35. Bxb4 Rxb4 36. Rdxc3 Kg7 37. Rc7 Ba6 38. Ra2 Rb1+ 39. Kg2 Bf1+ 40. Kg3 Rb3 41. Raa7 Rf8 42. Rab7 Rd3 43. d6 Rxd6 44. Rd7 Re6 45. Kf4 Bxh3 46. Kg3 Bf1 47. Rbc7 Bb5 48. Rd4 Be8 49. Rd8 Ba4 50. Rd4 Bd1 51. Rxd1 h5 52. Rdd7 Rf6 53. e5 Rf5 54. f4 Kh6 55. e6 g5 56. e7 gxf4+ 57. Kf3 Re8 58. Rd8 Rxe7 59. Rxe7 Kg6 60. Rg8+ Kh7 61. Rf8 Kg7 62. Rc8 Ra5 63. Rc3 Ra4 64. Re4 Ra5 65. Rxf4 Ra1 66. Kg2 Kg6 67. Rg3+ Kh6 68. Rf6+ Kh7 69. Rxf7+ Kh6 70. Rf6+ Kh7 71. Rf5 h4 72. Rg4 Kh6 73. Rxh4+ Kg6 74. Rhf4 Ra6 75. Rf3 Ra4 76. R5f4 Ra5 77. Rg4+ Kh5 78. Rfg3 Ra1 79. f3 Ra2+ 80. Kh3 Ra1 81. Rh4# 1-0


[Site "https://www.chess.com"]

[Event "Early Titled Tuesday Blitz | February 8 2022"]
[White "Iljin, Timofey"]
[Black "Mamontova, Anastasia"]
[WhiteFideId "14110180"]
[BlackFideId "34100234"]
[WhiteElo "2396"]
[BlackElo "1933"]
[Result "1-0"]
[Round "06"]
[TimeControl "180+1"]
[Date "2022.02.08"]
[WhiteClock "0:00:21"]
[BlackClock "0:00:20"]

1. e4 c6 2. d4 d5 3. e5 Bf5 4. h4 Qb6 5. g4 Bd7 6. b3 e6 7. Be3 c5 8. c3 Nc6 9. Nf3 Nge7 10. dxc5 Qc7 11. b4 Nxe5 12. Nbd2 Nxg4 13. Qe2 Nxe3 14. Qxe3 Nf5 15. Qd3 Be7 16. Bh3 O-O-O 17. O-O-O Nxh4 18. Nxh4 Bxh4 19. Bxe6 Bxe6 20. Rxh4 Qc6 21. Nb3 Qa4 22. Kb2 g6 23. Rd4 Bf5 24. Qd2 Be4 25. c4 Bf3 26. Rc1 dxc4 27. Rcxc4 Qb5 28. Qf4 Bd5 29. Rc3 Bxb3 30. Kxb3 Rxd4 31. Qxd4 Rd8 32. Qe5 a5 33. Qe4 Rd2 34. Rc4 a4+ 35. Ka3 Qd7 36. c6 Qd3+ 37. Qxd3 Rxd3+ 38. Kxa4 bxc6 39. Rxc6+ Kb7 40. Rf6 Rd7 41. Kb5 h5 42. a4 h4 43. a5 h3 44. Rf3 h2 45. a6+ Ka7 46. Rh3 Rd5+ 47. Kc6 Rf5 48. b5 Rxf2 49. b6+ Kxa6 50. Ra3# 1-0


[Site "https://www.chess.com"]

[Event "Early Titled Tuesday Blitz | February 8 2022"]
[White "Iskusnyh, Sergei"]
[Black "Srebrnic, Marko"]
[WhiteFideId "4120027"]
[BlackFideId "14603616"]
[WhiteElo "2492"]
[BlackElo "2340"]
[Result "1-0"]
[Round "06"]
[TimeControl "180+1"]
[Date "2022.02.08"]
[WhiteClock "0:01:08"]
[BlackClock "0:00:16"]

1. d4 Nf6 2. c4 d6 3. Nf3 g6 4. g3 Bg7 5. Bg2 O-O 6. Nc3 Nbd7 7. O-O e5 8. e4 a6 9. Qc2 exd4 10. Nxd4 Nc5 11. Rd1 Re8 12. f3 a5 13. Be3 Bd7 14. Bf2 Rb8 15. Rd2 Bh6 16. Re2 Nh5 17. Rd1 c6 18. Nb3 Nxb3 19. axb3 Bf8 20. Bd4 c5 21. Bf2 Bc6 22. Bxc5 dxc5 23. Rxd8 Rbxd8 24. Nd5 Bg7 25. f4 Bd4+ 26. Kh1 Nf6 27. h3 Nxd5 28. cxd5 Bb5 29. Re1 b6 30. e5 Bd7 31. d6 Be6 32. Kh2 h5 33. h4 b5 34. Bh3 Rd7 35. Bxe6 Rxe6 36. Qe4 Kg7 37. Qc6 Rdxd6 38. Qxd6 Rxd6 39. exd6 Bxb2 40. d7 Bf6 41. Re5 a4 42. bxa4 bxa4 43. Rxc5 Kf8 44. Rc8+ 1-0


[Site "https://www.chess.com"]

[Event "Early Titled Tuesday Blitz | February 8 2022"]
[White "Jain Kashish Manoj"]
[Black "Manon-og, Ramon Jr."]
[WhiteFideId "35081098"]
[BlackFideId "5200776"]
[WhiteElo "1681"]
[BlackElo "2359"]
[Result "1-0"]
[Round "06"]
[TimeControl "180+1"]
[Date "2022.02.08"]
[WhiteClock "0:01:06"]
[BlackClock "0:00:04"]

1. e4 c5 2. Nf3 d6 3. d4 cxd4 4. Nxd4 Nf6 5. Nc3 a6 6. Be3 e5 7. Nf3 Bg4 8. Bc4 Be7 9. O-O O-O 10. h3 Bh5 11. Qe2 Nbd7 12. Rfd1 Rc8 13. Bb3 b5 14. a3 Nc5 15. Bxc5 Rxc5 16. Qe3 Qc8 17. Nh4 Bxd1 18. Nf5 Rc7 19. Qg5 g6 20. Nxe7+ Rxe7 21. Qxf6 Rc7 22. Rxd1 Rxc3 23. bxc3 Qxc3 24. Rxd6 a5 25. Rd8 Rxd8 26. Qxf7+ Kh8 27. Qf6# 1-0


[Site "https://www.chess.com"]

[Event "Early Titled Tuesday Blitz | February 8 2022"]
[White "Jakubowska, Anna"]
[Black "Kanyamarala, Tarun"]
[WhiteFideId "1121952"]
[BlackFideId "45004714"]
[WhiteElo "1924"]
[BlackElo "2144"]
[Result "0-1"]
[Round "06"]
[TimeControl "180+1"]
[Date "2022.02.08"]
[WhiteClock "0:00:02"]
[BlackClock "0:00:09"]

1. e4 c5 2. Nc3 Nc6 3. g3 g6 4. Bg2 Bg7 5. d3 e6 6. Be3 d6 7. Qd2 Rb8 8. Nge2 b5 9. d4 b4 10. Nd1 cxd4 11. Nxd4 Ne5 12. Qe2 Qc7 13. a4 bxa3 14. Rxa3 Nc4 15. Rc3 Ba6 16. b3 Nxe3 17. Qxa6 Nxg2+ 18. Kf1 Qb7 19. Qa4+ Kf8 20. f3 Nf6 21. Kxg2 Nxe4 22. fxe4 Qxe4+ 23. Nf3 Qe2+ 24. Kh3 Bxc3 25. Nxc3 Qxf3 26. Qd4 Qh5+ 27. Kg2 Qe5 28. Qd3 Kg7 29. Rf1 d5 30. Ne2 Rbc8 31. Nd4 Rc7 32. Rf2 Rhc8 33. Kg1 Rc3 34. Qd1 Re3 35. Nf3 Qc3 36. Kg2 a6 37. Ng5 Rc7 38. Qf1 f6 39. Nf3 e5 40. Nh4 e4 41. Rf4 Qxc2+ 42. Rf2 Qd3 43. Rxf6 Qxf1+ 44. Rxf1 Rc2+ 45. Kh3 Ree2 46. Rh1 d4 47. Kg4 d3 0-1


[Site "https://www.chess.com"]

[Event "Early Titled Tuesday Blitz | February 8 2022"]
[White "Janaszak, Dawid"]
[Black "Lopez Gracia, Fernando"]
[WhiteFideId "1119206"]
[BlackFideId "2207184"]
[WhiteElo "2199"]
[BlackElo "2421"]
[Result "1-0"]
[Round "06"]
[TimeControl "180+1"]
[Date "2022.02.08"]
[WhiteClock "0:00:06"]
[BlackClock "0:00:10"]

1. e4 e5 2. Nf3 Nc6 3. d4 exd4 4. Nxd4 Nf6 5. Nxc6 bxc6 6. e5 Qe7 7. Qe2 Nd5 8. h4 a5 9. g3 Ba6 10. c4 g6 11. h5 Bg7 12. f4 Qb4+ 13. Nd2 O-O-O 14. h6 Bf8 15. a3 Qb6 16. Ne4 d6 17. Qf3 Ne7 18. exd6 cxd6 19. Qc3 d5 20. c5 Qa7 21. Nd6+ Rxd6 22. Bxa6+ Qxa6 23. cxd6 Nf5 24. Qxh8 Kd7 25. Qxf8 Nxd6 26. Bd2 Qc4 27. Qb8 Qe4+ 28. Kf2 Qd3 29. Rhe1 Qxd2+ 30. Kg1 Qd4+ 31. Kg2 Ne4 32. Qb7+ Kd6 33. Qb8+ Kd7 34. Re2 Qd3 35. Rxe4 Qxe4+ 36. Kh3 Qf5+ 37. g4 Qd3+ 38. Kh4 g5+ 39. fxg5 Qf3 40. Qg3 Qe4 41. Re1 Qg6 42. Qe5 Kc8 43. Qe8+ Kb7 44. Re7+ Kb6 45. Qb8+ Kc5 46. Qa7+ Kc4 47. Qe3 Qb1 48. Qc3+ Kb5 49. Rb7+ Ka6 50. Qxc6# 1-0


[Site "https://www.chess.com"]

[Event "Early Titled Tuesday Blitz | February 8 2022"]
[White "Jary, Sergey"]
[Black "Oro, Luis"]
[WhiteFideId "14110350"]
[BlackFideId "104094"]
[WhiteElo "2260"]
[BlackElo "2254"]
[Result "0-1"]
[Round "06"]
[TimeControl "180+1"]
[Date "2022.02.08"]
[WhiteClock "0:02:06"]
[BlackClock "0:01:29"]

1. Nf3 Nf6 2. g3 g6 3. Bg2 Bg7 4. d4 d6 5. O-O O-O 6. a4 Nbd7 7. b4 e5 8. Bb2 e4 9. Nfd2 d5 10. c4 c6 11. b5 Re8 12. e3 Nf8 13. Nc3 Be6 14. a5 Rb8 15. Ba3 dxc4 16. bxc6 bxc6 17. Ncxe4 Nxe4 18. Nxe4 Bd5 19. Nd6 Re6 20. e4 Rxd6 21. Bxd6 Qxd6 22. exd5 cxd5 23. Qf3 Rd8 24. Rfd1 Ne6 25. Qe3 h5 26. Rab1 Rd7 27. Rb5 Qc6 28. Rb8+ Kh7 29. Qc3 Qa4 30. Bh3 Qxd1+ 31. Kg2 Qxd4 32. Qb4 Qe4+ 33. Kg1 c3 34. Rc8 Qxb4 0-1


[Site "https://www.chess.com"]

[Event "Early Titled Tuesday Blitz | February 8 2022"]
[White "Jaskolka, Tomasz"]
[Black "Manukyan, Artyom"]
[WhiteFideId "1170791"]
[BlackFideId "13305786"]
[WhiteElo "2054"]
[BlackElo "2034"]
[Result "0-1"]
[Round "06"]
[TimeControl "180+1"]
[Date "2022.02.08"]
[WhiteClock "0:00:08"]
[BlackClock "0:00:26"]

1. d4 d5 2. Bf4 Nf6 3. e3 c5 4. Nf3 Nc6 5. Nbd2 Nh5 6. Be5 e6 7. c3 f6 8. Bg3 Nxg3 9. hxg3 Qb6 10. Rb1 Bd7 11. Bd3 O-O-O 12. Rxh7 Rxh7 13. Bxh7 Be7 14. Bd3 Kb8 15. Kf1 Rh8 16. Kg1 Qd8 17. Nh4 Bd6 18. dxc5 Bxc5 19. b4 Bd6 20. a4 g5 21. Nhf3 Qf8 22. a5 e5 23. e4 Bg4 24. Be2 d4 25. cxd4 exd4 26. Nxd4 Nxd4 27. Bxg4 Qh6 28. Bh3 g4 29. Qxg4 Qxd2 30. Rd1 Ne2+ 31. Kf1 Qxd1# 0-1


[Site "https://www.chess.com"]

[Event "Early Titled Tuesday Blitz | February 8 2022"]
[White "Jeet, Jain"]
[Black "Araujo Filho, Luiz Antonio Coel"]
[WhiteFideId "5073022"]
[BlackFideId "2130661"]
[WhiteElo "2085"]
[BlackElo "2230"]
[Result "0-1"]
[Round "06"]
[TimeControl "180+1"]
[Date "2022.02.08"]
[WhiteClock "0:01:12"]
[BlackClock "0:00:30"]

1. e4 c6 2. d4 d5 3. e5 Bf5 4. h4 h5 5. Bd3 Bxd3 6. Qxd3 e6 7. Bg5 Qc7 8. Nd2 Nd7 9. Ne2 Ne7 10. Nf3 Nf5 11. O-O c5 12. c3 Be7 13. Bxe7 Nxe7 14. Rac1 Nf5 15. Nf4 g6 16. g3 Qb6 17. Ng5 cxd4 18. cxd4 Qxd4 19. Qb5 Qb6 20. Qxb6 Nxb6 21. Rc7 O-O 22. Rxb7 Nc4 23. Re1 Rab8 24. Rxb8 Rxb8 25. b3 Na3 26. Rc1 Rb7 27. Rc8+ Kg7 28. Kf1 Nb5 29. Ngxe6+ fxe6 30. Nxe6+ Kh7 31. Nf4 d4 32. Ke2 Nc3+ 33. Kd3 Nxa2 34. e6 Kg7 35. Nd5 Nb4+ 36. Nxb4 Rxb4 37. Rc7+ Kf6 38. Rxa7 Rxb3+ 39. Ke4 Rb6 40. e7 Re6+ 41. Kd3 Rxe7 42. Ra6+ Re6 43. Ra8 Rb6 44. Rf8+ Kg7 45. Rd8 Rb2 46. f3 Rg2 47. Ke4 Rxg3 48. Rd7+ Kf6 49. Kf4 Rh3 50. Ke4 Rxh4+ 51. f4 Rh3 52. Ra7 Re3+ 53. Kd5 d3 54. Ra6+ Kg7 55. Ra2 Re2 56. Ra7+ Kh6 0-1


[Site "https://www.chess.com"]

[Event "Early Titled Tuesday Blitz | February 8 2022"]
[White "Jobava, Baadur"]
[Black "Visakh N R"]
[WhiteFideId "13601520"]
[BlackFideId "25012223"]
[WhiteElo "2617"]
[BlackElo "2454"]
[Result "1-0"]
[Round "06"]
[TimeControl "180+1"]
[Date "2022.02.08"]
[WhiteClock "0:00:26"]
[BlackClock "0:00:21"]

1. e4 e5 2. Nf3 Nc6 3. Bc4 Nf6 4. d3 Bc5 5. c3 O-O 6. b4 Bb6 7. a4 a6 8. O-O d6 9. Nbd2 h6 10. Bb3 Be6 11. Nc4 Ba7 12. Be3 Bxe3 13. Nxe3 Ne7 14. a5 Ng6 15. Re1 Re8 16. g3 d5 17. Bc2 c6 18. c4 dxe4 19. dxe4 Qxd1 20. Rexd1 Red8 21. Nd2 Rd7 22. Nb3 Rad8 23. Rxd7 Bxd7 24. Rd1 Re8 25. f3 Kf8 26. Kf2 Bc8 27. Nc5 Ne7 28. Ba4 Be6 29. Nxb7 Rb8 30. Rd8+ Rxd8 31. Nxd8 Bd7 32. Nb7 Ke8 33. Nc5 Bc8 34. Ke1 Kd8 35. Kd2 Nd7 36. Nd3 Kc7 37. Kc3 f6 38. Nc2 Nf8 39. Nc5 Ne6 40. Nxe6+ Bxe6 41. Ne1 Nc8 42. Nd3 Nd6 43. Bb3 Nb7 44. Ba4 Nd6 45. Bb3 Nb7 46. Bd1 Nd6 47. Nb2 f5 48. exf5 Nxf5 49. Nd3 Ne3 50. Bb3 Nf1 51. Nxe5 Nxh2 52. Bd1 h5 53. f4 Nf1 54. Bxh5 Nxg3 55. Bf3 Bd7 56. Nxd7 Kxd7 57. b5 cxb5 58. cxb5 Kc7 59. b6+ Kb8 60. Kd4 Nf5+ 61. Ke5 Ne3 62. Be2 Kb7 63. Ke4 Nc2 64. Bc4 Nb4 65. Kf5 Kc6 66. Kg6 Kd6 67. Kxg7 Nc6 68. b7 Kc7 69. Bd5 Nb4 70. Be4 Na2 71. f5 Nc3 72. Bc6 1-0


[Site "https://www.chess.com"]

[Event "Early Titled Tuesday Blitz | February 8 2022"]
[White "Johnson, Ben"]
[Black "Qashashvili, Alexandre"]
[WhiteFideId "2010917"]
[BlackFideId "13600842"]
[WhiteElo "2158"]
[BlackElo "2316"]
[Result "0-1"]
[Round "06"]
[TimeControl "180+1"]
[Date "2022.02.08"]
[WhiteClock "0:00:20"]
[BlackClock "0:01:31"]

1. Nf3 c6 2. c4 d5 3. b3 Nf6 4. e3 Bf5 5. Bb2 e6 6. d4 Bb4+ 7. Bc3 Bxc3+ 8. Nxc3 O-O 9. Bd3 Bxd3 10. Qxd3 Nbd7 11. O-O h6 12. e4 dxe4 13. Nxe4 Nxe4 14. Qxe4 Nf6 15. Qf4 Qb8 16. Qh4 Qd6 17. Rad1 Rad8 18. h3 Rfe8 19. Rde1 c5 20. dxc5 Qxc5 21. Re5 Qa3 22. Re2 Rd6 23. Rfe1 Red8 24. Qf4 a5 25. g4 a4 26. bxa4 Qxa4 27. h4 b5 28. g5 hxg5 29. hxg5 Nh5 30. Qh2 g6 31. cxb5 Qxb5 32. Ne5 Rd1 33. Qh4 Qxe2 0-1


[Site "https://www.chess.com"]

[Event "Early Titled Tuesday Blitz | February 8 2022"]
[White "Jumabayev, Rinat"]
[Black "Mirzoev, Azer"]
[WhiteFideId "13702661"]
[BlackFideId "13400304"]
[WhiteElo "2561"]
[BlackElo "2525"]
[Result "1-0"]
[Round "06"]
[TimeControl "180+1"]
[Date "2022.02.08"]
[WhiteClock "0:00:30"]
[BlackClock "0:00:06"]

1. d4 d5 2. Nf3 c6 3. Bf4 Qb6 4. Qc1 Nf6 5. e3 Bf5 6. c4 e6 7. Nc3 Nbd7 8. c5 Qa5 9. a3 Nh5 10. b4 Qd8 11. Bg5 f6 12. Bh4 g5 13. Bg3 Nxg3 14. hxg3 Bg7 15. Be2 O-O 16. g4 Bg6 17. Bd1 f5 18. Bc2 Qf6 19. gxf5 exf5 20. Ne2 Rae8 21. Qd2 f4 22. exf4 Qxf4 23. Qxf4 Rxf4 24. Bxg6 hxg6 25. Kf1 Rf5 26. Rd1 Nf8 27. Ne1 g4 28. Rh4 Rg5 29. Nc2 Re4 30. Ng3 Rf4 31. Ne2 Re4 32. Nc3 Rf4 33. g3 Rf3 34. Ne3 Ne6 35. Ne2 Rh5 36. Rxg4 Rh1+ 37. Ng1 Rf6 38. Kg2 Rh5 39. Nf3 Bh6 40. Nf1 Rhf5 41. N1h2 Kg7 42. Rd3 Ng5 43. Nxg5 Bxg5 44. f4 Bh6 45. Nf3 Rh5 46. Re3 Rf7 47. Re6 Kh7 48. Rgxg6 a5 49. g4 1-0


[Site "https://www.chess.com"]

[Event "Early Titled Tuesday Blitz | February 8 2022"]
[White "Kaasen, Tor Fredrik"]
[Black "Kiolbasa, Oliwia"]
[WhiteFideId "1516647"]
[BlackFideId "1154613"]
[WhiteElo "2335"]
[BlackElo "2190"]
[Result "0-1"]
[Round "06"]
[TimeControl "180+1"]
[Date "2022.02.08"]
[WhiteClock "0:00:03"]
[BlackClock "0:00:15"]

1. e4 e5 2. Nf3 Nc6 3. Bb5 a6 4. Ba4 Nf6 5. O-O Be7 6. Re1 b5 7. Bb3 d6 8. c3 O-O 9. h3 Bb7 10. d4 Re8 11. Ng5 Rf8 12. Nf3 Re8 13. a3 Bf8 14. Nbd2 h6 15. Ba2 Nb8 16. Bb1 Nbd7 17. b3 c5 18. d5 Qc7 19. c4 g6 20. Bd3 b4 21. a4 Bg7 22. Nf1 Nh5 23. g3 Nf8 24. Be3 Bc8 25. Kg2 Qd7 26. Ng1 Nh7 27. Be2 N5f6 28. f3 Kh8 29. g4 h5 30. Ng3 h4 31. Nh1 Ng8 32. g5 Qe7 33. Qd2 Rf8 34. Nf2 f6 35. gxf6 Ngxf6 36. Nd3 Nh5 37. Bf1 Qf6 38. Rad1 Nf4+ 39. Nxf4 Qg5+ 40. Kh1 exf4 41. Bf2 Nf6 42. e5 dxe5 43. Bxc5 Re8 44. Bg2 Nh5 45. d6 Bd7 46. Qd5 Ng3+ 47. Kh2 Nf5 48. Bf2 Rac8 49. Qb7 Red8 50. Qxa6 Ng3 51. c5 e4 52. fxe4 f3 53. Nxf3 Qf4 54. Be3 Nf1+ 55. Kg1 Nxe3 56. Qe2 Nxd1 57. Rxd1 Re8 58. Re1 Bc3 59. e5 Bxe1 60. Qxe1 Bc6 61. Qe2 Bxf3 62. Bxf3 Rxe5 63. d7 Rd8 64. Qd3 Qc1+ 65. Kg2 Rg5+ 66. Kf2 Qg1+ 67. Ke2 Re5+ 68. Kd2 Qe1+ 69. Kc2 Rxc5+ 70. Kb2 Qc1+ 0-1


[Site "https://www.chess.com"]

[Event "Early Titled Tuesday Blitz | February 8 2022"]
[White "Kanyamarala, Trisha"]
[Black "Shimelkov, Vasiliy"]
[WhiteFideId "45004722"]
[BlackFideId "13701630"]
[WhiteElo "2002"]
[BlackElo "2073"]
[Result "0-1"]
[Round "06"]
[TimeControl "180+1"]
[Date "2022.02.08"]
[WhiteClock "0:00:01"]
[BlackClock "0:00:45"]

1. c4 c5 2. Nc3 Nc6 3. g3 g6 4. Bg2 Bg7 5. Nf3 e6 6. O-O Nge7 7. a3 O-O 8. Rb1 d5 9. cxd5 exd5 10. d4 cxd4 11. Nb5 Qb6 12. a4 Bf5 13. Ra1 a6 14. Na3 Nb4 15. Bf4 d3 16. Be5 dxe2 17. Qxe2 Bd3 18. Qd2 Bxf1 19. Bxg7 Bxg2 20. Bxf8 Bxf3 21. Bxe7 Qe6 22. Qe1 Qh3 23. Qf1 Qg4 24. h3 Qe4 25. Re1 Qd4 26. Re3 Be4 27. Qc1 Nd3 28. Qc3 Qxa4 29. Rxd3 Bxd3 30. Qxd3 Qe4 31. Qxe4 dxe4 32. Kf1 f5 33. Nc4 Kf7 34. Bb4 b5 35. Nb6 Rd8 36. Ke2 Ke6 37. Bc5 a5 38. g4 a4 39. Bb4 Rd3 40. Nc8 Rb3 0-1


[Site "https://www.chess.com"]

[Event "Early Titled Tuesday Blitz | February 8 2022"]
[White "Karabalis, Harilos"]
[Black "Minina, Veronika"]
[WhiteFideId "4621808"]
[BlackFideId "4174780"]
[WhiteElo "2168"]
[BlackElo "1850"]
[Result "1-0"]
[Round "06"]
[TimeControl "180+1"]
[Date "2022.02.08"]
[WhiteClock "0:00:43"]
[BlackClock "0:00:03"]

1. e4 c5 2. a3 e6 3. Nf3 Nf6 4. e5 Nd5 5. c3 Nc6 6. d4 cxd4 7. cxd4 d6 8. Bc4 Be7 9. O-O Nb6 10. Bb5 O-O 11. exd6 Qxd6 12. Nc3 a6 13. Bd3 Kh8 14. Bc2 Bf6 15. Be3 Nd5 16. Ne4 Qe7 17. Nxf6 Qxf6 18. Qd3 Qg6 19. Qe2 Qh5 20. Bd2 Qg4 21. Qd3 Qg6 22. Qb3 Qg4 23. Rad1 Bd7 24. h3 Qh5 25. Qxb7 Rfd8 26. Qb3 Rab8 27. Qa2 Rdc8 28. Be4 Nce7 29. Rc1 Bb5 30. Rfe1 Rxc1 31. Rxc1 Nf6 32. Bb1 Ned5 33. b4 Ba4 34. Rc5 Bb5 35. Qc2 Rd8 36. Bg5 Rg8 37. Qd2 Ba4 38. Ne5 Bb5 39. g4 Nxg4 40. hxg4 1-0


[Site "https://www.chess.com"]

[Event "Early Titled Tuesday Blitz | February 8 2022"]
[White "Kazarian, Anna-Maja"]
[Black "Bettalli, Francesco"]
[WhiteFideId "1033689"]
[BlackFideId "2816453"]
[WhiteElo "2004"]
[BlackElo "2216"]
[Result "1/2-1/2"]
[Round "06"]
[TimeControl "180+1"]
[Date "2022.02.08"]
[WhiteClock "0:00:05"]
[BlackClock "0:00:29"]

1. e4 e5 2. Nf3 Nf6 3. Nxe5 Nc6 4. Nxc6 dxc6 5. d3 Bc5 6. h3 h5 7. Nc3 Be6 8. Be2 Qd6 9. Bg5 O-O-O 10. Qd2 Kb8 11. O-O-O Bxf2 12. Rhf1 Bd4 13. Kb1 Qb4 14. a3 Qa5 15. Be3 c5 16. Bxd4 cxd4 17. Na2 Qxd2 18. Rxd2 Rh6 19. c3 Bxa2+ 20. Kxa2 dxc3 21. bxc3 Nxe4 22. Rc2 Nf6 23. d4 Rg6 24. Bf3 Rg3 25. Rb1 b6 26. a4 Nd5 27. a5 Ne3 28. Re2 Nc4 29. axb6 axb6 30. Kb3 Na5+ 31. Kc2 h4 32. Re7 f5 33. Rf7 g6 34. Rh7 g5 35. Re7 g4 36. hxg4 fxg4 37. Be4 h3 38. gxh3 gxh3 39. Re5 Nb7 40. Rh5 Rf8 41. Ra1 Re3 42. Bd5 Rd8 43. Kb3 Rg3 44. Bc6 Rf8 45. Kc4 Nd6+ 46. Kd5 Nb7 47. Kc4 Rg6 48. Bd5 Rd6 49. Bxb7 Kxb7 50. Rxh3 Rc6+ 51. Kb3 Rf4 52. Rd3 Re6 53. d5 Rd6 54. c4 c6 55. dxc6+ Kxc6 56. Rxd6+ Kxd6 57. Kb4 Kc6 58. Rh1 Rf6 59. Rh5 Rd6 60. Rg5 Re6 61. Rh5 Rf6 62. Rg5 Rh6 63. Rf5 Kb7 64. Kb5 Rc6 65. Rf7+ Rc7 66. Rf6 Rc5+ 67. Kb4 Ka6 68. Rf8 Rc7 69. Rf6 Kb7 70. Kb5 Rc5+ 71. Kb4 Kc7 72. Rf7+ Kc6 73. Rf6+ Kb7 74. Rf7+ Ka6 75. Rf6 Rc8 76. Re6 Rd8 77. Rf6 Rd1 78. c5 Rb1+ 79. Ka3 Rb5 80. Rxb6+ Rxb6 81. cxb6 Kxb6 1/2-1/2


[Site "https://www.chess.com"]

[Event "Early Titled Tuesday Blitz | February 8 2022"]
[White "Kett, Tim"]
[Black "Zavgorodniy, Sergiy"]
[WhiteFideId "1801210"]
[BlackFideId "14110148"]
[WhiteElo "2098"]
[BlackElo "2420"]
[Result "1/2-1/2"]
[Round "06"]
[TimeControl "180+1"]
[Date "2022.02.08"]
[WhiteClock "0:00:09"]
[BlackClock "0:00:09"]

1. e4 c5 2. Nf3 d6 3. d4 cxd4 4. Nxd4 Nf6 5. Nc3 g6 6. Be3 Bg7 7. f3 a6 8. Qd2 h5 9. O-O-O b5 10. Kb1 Nbd7 11. Bd3 Bb7 12. Rhe1 Rc8 13. f4 b4 14. Nd5 Bxd5 15. exd5 Nxd5 16. f5 g5 17. Bxa6 Nxe3 18. Qxe3 Rc5 19. Qxg5 Bf6 20. Qg3 Kf8 21. Be2 Qb6 22. Bf3 Ne5 23. Nb3 Rc7 24. Bd5 Nc4 25. Bxc4 Rxc4 26. Nd2 Rg4 27. Qf3 Qd4 28. Qb3 h4 29. Nf3 Qc4 30. Qxc4 Rxc4 31. Nd2 Rg4 32. Ne4 Rxg2 33. Nxf6 exf6 34. Rxd6 Rxh2 35. Rd8+ Kg7 36. Rg1+ Kh7 37. Rd7 Rf8 38. a4 bxa3 39. bxa3 Kh6 40. Rd6 Kh5 41. Rxf6 h3 42. Rd6 Rg2 43. Rh1 h2 44. Rdd1 Rfg8 45. Kb2 Kh4 46. a4 Kh3 47. Rd3+ R8g3 48. Rd8 Rg8 49. Rd3+ R2g3 50. Rd2 Rg2 51. Rd3+ 1/2-1/2


[Site "https://www.chess.com"]

[Event "Early Titled Tuesday Blitz | February 8 2022"]
[White "Khachiyan, Melikset"]
[Black "Rustemov, Alexander"]
[WhiteFideId "13300512"]
[BlackFideId "4119002"]
[WhiteElo "2484"]
[BlackElo "2828"]
[Result "0-1"]
[Round "06"]
[TimeControl "180+1"]
[Date "2022.02.08"]
[WhiteClock "0:00:06"]
[BlackClock "0:00:24"]

1. e4 e6 2. d4 d5 3. Nc3 dxe4 4. Nxe4 Bd7 5. Nf3 Bc6 6. Ned2 Nd7 7. Bd3 Ngf6 8. O-O Be7 9. b3 O-O 10. Bb2 b6 11. c4 Bb7 12. Qe2 c5 13. Rad1 Re8 14. Rfe1 Qc7 15. h3 Rad8 16. a3 h6 17. Bc2 a5 18. dxc5 Bxc5 19. Nd4 Qd6 20. N2f3 Qf4 21. Nb5 Bxf3 22. Qxf3 Qxf3 23. gxf3 Nh5 24. Be4 Ndf6 25. Bc6 Rf8 26. Be5 g5 27. Bc7 Rxd1 28. Rxd1 Nf4 29. b4 axb4 30. axb4 Bxb4 31. Bxb6 Rc8 32. Na7 Rb8 33. Bc7 Rf8 34. h4 Bc5 35. hxg5 hxg5 36. Nb5 Rc8 37. Rd8+ Rxd8 38. Bxd8 Kg7 39. Kf1 Nd3 40. Bc7 Nxf2 41. Bd6 Bxd6 42. Nxd6 Nd3 43. Ne4 Nxe4 44. Bxe4 Nc5 45. Ba8 Kf6 46. Ke2 Ke5 47. Ke3 f5 48. Bc6 f4+ 49. Kf2 Kd4 50. Kg2 Nd3 51. Kh3 Ne5 52. Ba8 Kxc4 0-1


[Site "https://www.chess.com"]

[Event "Early Titled Tuesday Blitz | February 8 2022"]
[White "Khamdamova, Afruza"]
[Black "Vivas Zamora, Fabian Ernesto"]
[WhiteFideId "14210444"]
[BlackFideId "3902480"]
[WhiteElo "1660"]
[BlackElo "1966"]
[Result "0-1"]
[Round "06"]
[TimeControl "180+1"]
[Date "2022.02.08"]
[WhiteClock "0:00:01"]
[BlackClock "0:00:09"]

1. e4 e5 2. Nf3 Nc6 3. Bb5 Nf6 4. O-O Nxe4 5. d4 exd4 6. Re1 d5 7. Nxd4 Bd6 8. Nxc6 Bxh2+ 9. Kf1 Qh4 10. Nd4+ c6 11. Rxe4+ dxe4 12. Bc4 Be5 13. Ne2 Qh1+ 14. Ng1 Bh2 15. Qh5 Qxg1+ 16. Ke2 g6 17. Qg5 h6 18. Qf6 Bg4+ 19. Kd2 Rf8 20. Na3 Rd8+ 21. Kc3 Rd6 22. Qg7 Qe1+ 23. Kb3 Qxf2 24. Bxh6 Qb6+ 25. Nb5 cxb5 26. Qxf8+ Kd7 27. Qxf7+ Kc6 28. Qe8+ Kc7 29. Qe7+ Bd7 30. Be2 Re6 31. Qf7 Qd6 32. Bg4 Qd5+ 33. Ka3 Ra6+ 34. Kb4 Ra4+ 35. Kc3 Qd4+ 0-1


[Site "https://www.chess.com"]